 Dungeon Crawl Stone Soup version 0.19-a0-1111-gcceb26a (webtiles) character file.

417 Gagarin the Ducker (level 6, -6/62 HPs)
             Began as a Troll Monk on Aug 11, 2016.
             Was a Believer of the Shining One.
             Mangled by Menkaure (16 damage)
             ... on level 5 of the Dungeon.
             The game lasted 00:07:22 (3094 turns).

Gagarin the Ducker (Troll Monk)                     Turns: 3094, Time: 00:07:23

Health: -6/62      AC:  5    Str: 21    XL:     6   Next: 61%
Magic:  5/5        EV: 12    Int:  6    God:    the Shining One [**....]
Gold:   189        SH:  0    Dex: 13    Spells: 0 memorised, 5 levels left

rFire  . . .     SeeInvis .     s - +0 flail
rCold  . . .     Gourm    +     b - +0 robe
rNeg   + . .     Faith    .     (no shield)
rPois  .         Spirit   .     (helmet restricted)
rElec  .         Dismiss  .     (no cloak)
rCorr  .         Reflect  .     (gloves unavailable)
SustAt .         Harm     .     (boots unavailable)
MR     .....                    (no amulet)
Stlth  +.........               (no ring)
                                (no ring)

@: glowing
A: unfitting armour, claws 3, fast metabolism 3, gourmand, regeneration 2,
shaggy fur 1, tough skin 2
a: Divine Shield, Renounce Religion


You were on level 5 of the Dungeon.
You worshipped the Shining One.
The Shining One was pleased with you.
You were full.

You visited 2 branches of the dungeon, and saw 6 of its levels.

You collected 189 gold pieces.

Inventory:

Hand Weapons
 s - a +0 flail (weapon)
Missiles
 u - 8 needles of confusion
Armour
 b - a +0 robe (worn)
Jewellery
 n - an uncursed amulet of harm
Scrolls
 f - 2 scrolls of immolation {unknown}
 i - a scroll of fear {unknown}
 j - a scroll of identify
 l - 4 scrolls of recharging {unknown}
 m - 2 scrolls of remove curse {unknown}
 o - a scroll of teleportation {unknown}
 q - a scroll of enchant armour {unknown}
 t - a scroll of blinking {unknown}
 y - a scroll of random uselessness {unknown}
Potions
 a - a potion of lignification
 d - 3 potions of curing
 k - 2 potions of flight
 p - a potion of might {unknown}
 v - a potion of haste {unknown}
 z - a potion of berserk rage {unknown}
Books
 x - a book of Death

   Spells                             Type                      Level
   a - Corpse Rot                     Necromancy                   2
   b - Sublimation of Blood           Necromancy                   2
   c - Agony                          Necromancy                   5
   d - Dispel Undead                  Necromancy                   5
   e - Excruciating Wounds            Charms/Necromancy            5
   f - Bolt of Draining               Conjuration/Necromancy       5
   The Shining One disapproves of the use of such an item.
Comestibles
 c - 4 bread rations
 h - a slice of pizza
 r - a meat ration
 w - a beef jerky


   Skills:
 + Level 3.7 Fighting
 + Level 4.0 Maces & Flails
 + Level 4.3 Dodging
 + Level 1.6 Stealth
 + Level 1.2 Unarmed Combat


You had 5 spell levels left.
You didn't know any spells.

Dungeon Overview and Level Annotations

Branches:
Dungeon (5/15)             Temple (1/1) D:4

Altars:
Ashenzari
Dithmenos
Elyvilon
Gozag
Hepliaklqana
Kikubaaqudgha
Makhleb
Nemelex Xobeh
Pakellas
Qazlal
Ru
Sif Muna
Trog
Vehumet
Xom
Yredelemnul
Zin
The Shining One

Annotations:
D:4 Ijustatesigmund's ghost, novice DsFi
D:5 Menkaure


Innate Abilities, Weirdness & Mutations

You are too large for most types of armour.
You have claws for hands.
Your metabolism is lightning-fast.
You like to eat raw meat.
You heal very quickly.
You are covered in fur. (AC +1)
You have very tough skin. (AC +2)


Message History

The quokka skeleton bites you but does no damage.
You sock the quokka skeleton!
You destroy the quokka skeleton!
The Shining One accepts your kill.
You feel better.
You hit Menkaure but do no damage. Menkaure hits you!
* * * LOW HITPOINT WARNING * * *
Menkaure hits you!! The Shining One protects you from harm!
You hit Menkaure.
Menkaure is lightly damaged.
Menkaure gestures at you while chanting.
Pain shoots through your body!
* * * LOW HITPOINT WARNING * * *
You completely miss Menkaure.
Menkaure is lightly damaged.
Menkaure closely misses you.
Menkaure hums a few words.
Menkaure hits you!
You die...

#........ #..8.8.8.
#........ #.......#
........# .......$#
.......>######
........M@...######
......######......######
...... ...#######....[.#
##.....##..#########.###
## #............##..#
#...<.#.###....###
#.................#
#.............)...).....
...................)....


You could see Menkaure.

Vanquished Creatures
  A phantom (D:4)
  2 hounds
  An orc wizard (D:3)
  Jessica (D:3)
  A worker ant (D:4)
  A hound skeleton (D:5)
  A gnoll (D:1)
  5 adders
  2 oozes
  2 worms (D:3)
  3 dart slugs
  5 giant geckos
  9 orcs
  3 giant cockroaches
  10 goblins
  11 hobgoblins
  11 jackals
  2 quokkas
  2 ball pythons
  8 bats
  3 giant newts
  5 kobolds
  A quokka skeleton (D:5)
  9 rats
99 creatures vanquished.

Notes
Turn   | Place    | Note
-------+----------+-------------------------------------------
     0 | D:1      | Gagarin the Troll Monk began the quest for the Orb.
     0 | D:1      | Reached XP level 1. HP: 22/22 MP: 0/0
   134 | D:1      | Reached XP level 2. HP: 29/29 MP: 1/1
   436 | D:1      | Reached XP level 3. HP: 36/36 MP: 2/2
   957 | D:1      | Reached XP level 4. HP: 45/45 MP: 3/3
  1087 | D:2      | Found an ancient bone altar of Kikubaaqudgha.
  1090 | D:2      | Found a shimmering altar of Xom.
  1093 | D:2      | Found a hazy altar of Hepliaklqana.
  1185 | D:2      | Found a deep blue altar of Sif Muna.
  1242 | D:2      | Found a stormy altar of Qazlal.
  1576 | D:3      | Reached XP level 5. HP: 47/53 MP: 4/4
  1877 | D:3      | Noticed Jessica
  1893 | D:3      | Killed Jessica
  2629 | D:4      | Noticed a phantom
  2660 | D:4      | Killed a phantom
  2660 | D:4      | Reached skill level 1 in Unarmed Combat
  2660 | D:4      | Reached XP level 6. HP: 30/62 MP: 5/5
  2756 | D:4      | Noticed Ijustatesigmund's ghost (novice DsFi)
  2891 | D:4      | Found a staircase to the Ecumenical Temple.
  2900 | Temple   | Entered the Ecumenical Temple
  2918 | Temple   | Became a worshipper of the Shining One
  2918 | Temple   | Reached * piety under the Shining One
  2918 | Temple   | Reached ** piety under the Shining One
  3044 | D:5      | Entered Level 5 of the Dungeon
  3077 | D:5      | Noticed Menkaure
  3092 | D:5      | The Shining One protects you from harm!
  3094 | D:5      | Mangled by Menkaure

Vault maps used:
D:1:      eino_arrival_cavern_e
D:2:      led_sif_pool, grunt_temple_overflow_diamond,
          nicolae_qazlal_general_emergency
D:3:      uniq_jessica
D:5:      eat_drink_and_be_merry_uskayaw, first_bread, serial_shops, shop,
          uniq_menkaure
Temple:   dshaligram_water_room_temple

Skill      XL: |  1  2  3  4  5  6 |
---------------+-------------------+-----
Maces & Flails | 3 4 |  4.0
Dodging        | 3 4 |  4.3
Fighting       | 3 |  3.7
Unarmed Combat | 1 |  1.2
Stealth        | |  1.6

Action                   |  1- 3 |  4- 6 || total
-------------------------+-------+-------++-------
Melee: Mace              |    89 |    64 ||   153
       Unarmed           |       |   163 ||   163
       Flail             |       |    24 ||    24
  Use: Scroll            |       |     5 ||     5
 Stab: Sleeping          |       |     2 ||     2
  Eat: Chunk             |    14 |    18 ||    32
Armor: Robe              |    28 |    88 ||   116
Dodge: Dodged            |    52 |   156 ||   208
